 Dungeon Crawl Stone Soup version 0.22-a0-521-gb1378044ac (webtiles) character file.

957 Oravi the Conjurer (level 7, -5/57 HPs)
             Began as a Red Draconian Conjurer on June 20, 2018.
             Was a Follower of Vehumet.
             Slain by an unseen horror (8 damage)
             ... on level 6 of the Dungeon.
             The game lasted 00:26:19 (7067 turns).

Oravi the Conjurer (Red Draconian Conjurer)         Turns: 7067, Time: 00:26:20

Health: -5/57      AC:  6    Str: 10    XL:     7   Next: 91%
Magic:  14/14      EV: 13    Int: 18    God:    Vehumet [*.....]
Gold:   407        SH:  6    Dex: 11    Spells: 8/15 levels left

rFire    + . .     SeeInvis .   r - +0 hand axe (elec)
rCold    . . .     Gourm    .   (no shield)
rNeg     + . .     Faith    .   (armour unavailable)
rPois    .         Spirit   .   (helmet restricted)
rElec    .         Reflect  +   (no cloak)
rCorr    .         Harm     .   (no gloves)
MR       +....                  (no boots)
Stlth    ++........             w - +6 amulet of reflection
HPRegen  0.19/turn              a - ring of positive energy
MPRegen  0.14/turn              l - ring of protection from magic

@: no status effects
A: breathe fire, unfitting armour, fire resistance 1, cold-blooded, AC +6
a: Breathe Fire, Renounce Religion


You were on level 6 of the Dungeon.
You worshipped Vehumet.
Vehumet was aware of your devotion.
You were not hungry.

You visited 1 branch of the dungeon, and saw 6 of its levels.

You collected 407 gold pieces.

Inventory:

Hand Weapons
 f - a +0 short sword
 h - a +0 dagger of venom
 m - a +0 whip of holy wrath
 r - a +0 hand axe of electrocution (weapon)
Missiles
 e - 99 stones
 v - 3 javelins (quivered)
 A - 6 curare-tipped needles
Armour
 s - a +1 shield
Jewellery
 a - a ring of positive energy (left hand)
 l - a ring of protection from magic (right hand)
 w - a +6 amulet of reflection (around neck)
Scrolls
 d - 2 scrolls of fear
 j - a scroll of immolation {unknown}
 k - a scroll of amnesia
 n - 2 scrolls of identify
 o - a scroll of enchant armour
 p - a scroll of remove curse
Potions
 g - a potion of cancellation
 i - a potion of resistance
 t - a potion of flight
 z - a potion of ambrosia
Comestibles
 b - 8 rations


   Skills:
 + Level 3.3 Fighting
 + Level 3.1 Axes
 + Level 3.4 Dodging
 - Level 1.7 Stealth
 + Level 4.9 Spellcasting
 + Level 6.3 Conjurations


You had 8 spell levels left.
You knew the following spells:

 Your Spells              Type           Power        Failure   Level  Hunger
a - Magic Dart            Conj           ####         1%          1    None
b - Searing Ray           Conj           ####..       1%          2    #......
c - Iskenderun's Mystic   Conj           ####....     10%         4    ####...

Your spell library contained the following spells:

 Spells                   Type           Power        Failure   Level  Hunger
 Fulminant Prism          Conj/Hex       ###.......   36%         4    ####...
 Dazzling Spray           Conj/Hex       ###...       11%         3    ###....
 Force Lance              Conj/Tloc      ###.....     36%         4    ####...


Dungeon Overview and Level Annotations

Branches:
Dungeon (6/15)
 Temple: D:4-7

Altars:
Fedhas
Vehumet
Wu Jian

Annotations:
D:2 Terence
D:3 exclusion: oklob plant
D:5 1 runed door, alpinistek's ghost, amateur DsIE


Innate Abilities, Weirdness & Mutations

You can breathe blasts of fire.
Your fiery red scales are hard. (AC +6)
You cannot fit into any form of body armour.
Your flesh is heat resistant. (rF+)
You are cold-blooded and may be slowed by cold attacks.


Message History

Something hits you!
* * * LOW HITPOINT WARNING * * *
Something hits you but does no damage.
You feel better.
There is a strange disturbance nearby!
Something hits you.
* * * LOW HITPOINT WARNING * * *
Something hits you.
* * * LOW HITPOINT WARNING * * *
Something hits you.
* * * LOW HITPOINT WARNING * * *
Things that are here:
a robe; a scimitar You feel better.
Something hits you.
* * * LOW HITPOINT WARNING * * *
Something hits you!
* * * LOW HITPOINT WARNING * * *
There is a stone staircase leading up, spattered with blood here.
Something hits you!
You die...

###
#######.###
#......#..##
#......##..#
#.......##..#
#.......###..#
#........#
#..#
#.....[..#
##..
#.....@..# ..
#........# .
#.......##
##.....##
#.....#
#....## ##.###
##


There were no monsters in sight!

Vanquished Creatures
  A phantom (D:6)
  2 ogres (D:4)
  Blork the orc (D:6)
  A bullfrog (D:4)
  A water moccasin skeleton (D:5)
  2 crimson imps (D:4)
  2 howler monkeys (D:4)
  A centaur zombie (D:2)
  An orc priest (D:3)
  An orc wizard (D:3)
  3 worker ants
  A hound skeleton (D:4)
  Robin (D:3)
  7 adders
  An adder skeleton (D:5)
  2 worms
  2 dart slugs (D:2)
  4 leopard geckos
  12 orcs
  A ball python (D:3)
  3 bats
  2 giant cockroaches
  9 hobgoblins
  3 jackals (D:3)
  8 kobolds
  2 quokkas
  6 frilled lizards
  24 goblins
  A jackal skeleton (D:4)
  10 rats
115 creatures vanquished.

Vanquished Creatures (others)
  A fungus (D:3)
  2 withered plants (D:5)
3 creatures vanquished.

Grand Total: 118 creatures vanquished

Notes
Turn   | Place    | Note
-------+----------+-------------------------------------------
     0 | D:1      | Oravi the Draconian Conjurer began the quest for the Orb.
     0 | D:1      | Reached XP level 1. HP: 14/14 MP: 3/3
   493 | D:1      | Reached XP level 2. HP: 20/20 MP: 0/5
   543 | D:1      | Learned a level 2 spell: Searing Ray
  1087 | D:1      | Reached XP level 3. HP: 26/26 MP: 1/7
  1692 | D:2      | Reached skill level 5 in Conjurations
  1692 | D:2      | Reached XP level 4. HP: 13/33 MP: 5/8
  2364 | D:3      | Reached XP level 5. HP: 29/38 MP: 1/10
  2709 | D:3      | Noticed Terence
  3735 | D:3      | Found a radiant altar of Vehumet.
  3780 | D:3      | Became a worshipper of Vehumet
  3976 | D:3      | Reached skill level 1 in Fighting
  3984 | D:3      | Reached skill level 1 in Axes
  4135 | D:3      | Found a blossoming altar of Fedhas.
  4149 | D:3      | Noticed an oklob plant
  4559 | D:3      | Noticed Robin
  4581 | D:3      | Killed Robin
  4864 | D:4      | Reached XP level 6. HP: 44/47 MP: 8/12
  5054 | D:4      | Learned a level 4 spell: Iskenderun's Mystic Blast
  5128 | D:4      | Your scales start taking on a fiery red colour.
  5128 | D:4      | Reached XP level 7. HP: 55/55 MP: 9/13
  5128 | D:4      | Gained mutation: Your flesh is heat resistant. (rF+) [Red Draconian growth]
  5272 | D:4      | Reached skill level 6 in Conjurations
  5345 | D:4      | Reached * piety under Vehumet
  5345 | D:4      | Offered knowledge of Flame Tongue by Vehumet.
  5348 | D:4      | Found an ornate altar of the Wu Jian Council.
  5674 | D:5      | Entered Level 5 of the Dungeon
  5674 | D:5      | Found a runed door.
  5675 | D:5      | Noticed alpinistek's ghost (amateur DsIE)
  6691 | D:6      | Noticed Blork the orc
  6700 | D:6      | Killed Blork the orc
  7066 | D:6      | HP: 2/57 [something (7)]
  7067 | D:6      | Slain by an unseen horror

Vault maps used:
D:1:      dpeg_arrival_brainrot, minmay_pentomino_z4
D:3:      kennysheep_goblin_castle, tgw_fedhas, fiery_altar_vehumet,
          minmay_misc_feat_more_columns, minmay_gold_behind_fungi, uniq_terence
D:4:      overflow_temple_1_default
D:5:      gammafunk_ghost_grave, first_ration, serial_bayou_pond_a
D:6:      nicolae_overflow_hidden_temple, gammafunk_ghost_necromancy,
          okawaru_gym_becter, uniq_grinder, uniq_eustachio, uniq_blork_the_orc

Skill      XL: |  1  2  3  4  5  6  7 |
---------------+----------------------+-----
Spellcasting   | 3 4 |  4.9
Conjurations   | 5 6 |  6.3
Dodging        | 2 3 |  3.4
Fighting       | 1 2 3 |  3.3
Axes           | 1 2 3 |  3.1
Stealth        | |  1.7

Action                   |  1- 3 |  4- 6 |  7- 9 || total
-------------------------+-------+-------+-------++-------
Melee: Unarmed           |    17 |       |       ||    17
       Short sword       |    20 |       |       ||    20
       Tailslap          |     5 |     6 |     2 ||    13
       Whip              |    49 |    40 |       ||    89
       Hand axe          |       |    77 |    42 ||   119
Throw: Stone             |    82 |   127 |    20 ||   229
       Javelin           |       |       |    13 ||    13
 Cast: Magic Dart        |    24 |     9 |     6 ||    39
       Searing Ray       |     3 |    27 |     8 ||    38
       Iskenderun's Myst |       |       |     3 ||     3
  Use: Scroll            |       |       |    15 ||    15
       Potion            |       |       |     2 ||     2
  Eat: Chunk             |     3 |    12 |     3 ||    18
       Ration            |       |       |     1 ||     1
Armor: Skin              |    21 |    44 |    10 ||    75
Dodge: Dodged            |    55 |   101 |    20 ||   176
Block: Other             |       |       |    13 ||    13

Table legend:
 A = Spawn XP
 B = Non-spawn XP
 C = Spawn XP percentage of total XP
 D = Spawn monster count
 E = Non-spawn monster count
 F = Spawn count percentage of total count
 G = Total turns spent on level
                    A         B        C        D         E        F      G
               +---------+---------+-------+---------+---------+-------+---------
         Total |       0 |    1368 |   0.0 |       0 |     115 |   0.0 |  7067
               +---------+---------+-------+---------+---------+-------+---------
           D:1 |       0 |      44 |   0.0 |       0 |      23 |   0.0 |  1640
           D:2 |       0 |     112 |   0.0 |       0 |      21 |   0.0 |  1228
           D:3 |       0 |     221 |   0.0 |       0 |      44 |   0.0 |  1981
           D:4 |       0 |     633 |   0.0 |       0 |      16 |   0.0 |   825
           D:5 |       0 |     128 |   0.0 |       0 |       9 |   0.0 |  1228
           D:6 |       0 |     230 |   0.0 |       0 |       2 |   0.0 |   165
               +---------+---------+-------+---------+---------+-------+---------
